 Dungeon Crawl Stone Soup version 0.28.0-49-g6dfe1f597d (webtiles) character file.

Game seed: 12734498713271551429

1491 Zeld the Fighter (level 8, -5/75 HPs)
             Began as a Minotaur Berserker on May 18, 2022.
             Was a Priest of Trog.
             Slain by a gnoll
             ... wielding a +0 halberd
              (10 damage)
             ... on level 5 of the Dungeon.
             The game lasted 00:04:22 (6592 turns).

Zeld the Fighter (Minotaur Berserker)               Turns: 6592, Time: 00:04:23

Health: -5/75      AC:  3    Str: 24    XL:     8   Next: 51%
Magic:  7/7        EV:  7    Int:  4    God:    Trog [***...]
Gold:   149        SH:  0    Dex: 10    Spells: 7/7 levels left

rFire   . . .      SeeInvis +   a - +0 war axe
rCold   . . .      Faith    .   (no shield)
rNeg    . . .      Spirit   .   b - +0 animal skin
rPois   +          Reflect  .   (helmet restricted)
rElec   .          Harm     .   (no cloak)
rCorr   .          Rampage  .   (no gloves)
Will    ++...                   k - +0 pair of boots
Stlth   +.........              (no amulet)
HPRegen 1.22/turn               i - ring of poison resistance
MPRegen 0.10/turn               r - ring of see invisible

@: strong-willed, on berserk cooldown, held, regenerating, slowed, very slow
A: horns 2, retaliatory headbutt
a: Renounce Religion, Berserk, Trog's Hand


You were on level 5 of the Dungeon.
You worshipped Trog.
Trog was most pleased with you.
You visited 1 branch of the dungeon, and saw 5 of its levels.
You also visited: Sewer.

You collected 149 gold pieces.

Inventory:

Hand Weapons
 a - a +0 war axe (weapon)
Armour
 b - a +0 animal skin (worn)
 k - a +0 pair of boots (worn)
Jewellery
 d - a ring of protection from fire
 i - a ring of poison resistance (left hand)
 r - a ring of see invisible (right hand)
Wands
 q - a wand of mindburst (5)
Scrolls
 f - 2 scrolls of vulnerability {unknown}
 g - a scroll of immolation {unknown}
 h - 3 scrolls of identify {unknown}
 m - 3 scrolls of teleportation {unknown}
 n - a scroll of acquirement {unknown}
 p - a scroll of fog {unknown}
Potions
 c - a potion of degeneration {unknown}
 e - a potion of cancellation {unknown}
 j - 4 potions of curing
 l - a potion of might {unknown}
 o - a potion of mutation {unknown}


   Skills:
 * Level 8.3 Fighting
 * Level 8.2 Axes
 + Level 5.6 Armour
 + Level 5.1 Dodging


You had 7 spell levels left.
You didn't know any spells.
Your spell library was empty.

Dungeon Overview and Level Annotations

Branches:
Dungeon (5/15)              Sewer (visited)
 Temple: D:4-7

Altars:

Shops:
D:3 (


Innate Abilities, Weirdness & Mutations

You have a pair of horns on your head.
You reflexively headbutt those who attack you in melee.


Message History

The adder barely misses you.
You closely miss the gnoll. You slash the gnoll! You slash the adder!
You kill the adder!
Trog accepts your kill. The gnoll barely misses you.
The gnoll hits you with a staff of conjuration.
You hit the gnoll.
The gnoll is moderately wounded.
You barely miss the gnoll. The gnoll barely misses you. x2
Unknown command.
You slash the gnoll!
You kill the gnoll!
Trog accepts your kill.
You slash the gnoll!
You kill the gnoll!
Trog accepts your kill.
You are no longer berserk.
You are exhausted.
You feel yourself slow down.
Things that are here:
a +0 spear; a gnoll corpse
Things that are here:
a staff of conjuration; 13 stones
Things that are here:
a +0 spear; a gnoll corpse A gnoll comes into view.
It is wielding a +0 halberd.
Things that are here:
a +0 spear; a +0 ring mail; a golden potion Your skin crawls.
You feel strong-willed.
The gnoll throws a throwing net.
The throwing net hits you.
You become entangled in the net!
You tear a large gash into the net.
The gnoll hits you from afar with a +0 halberd!
* * * LOW HITPOINT WARNING * * *
You struggle against the net.
The gnoll hits you from afar with a +0 halberd!
* * * LOW HITPOINT WARNING * * *
The gnoll hits you from afar with a +0 halberd!
You die...

.........#...#.........#
.........#####.........#
.......................#
.......................#
....###'#..............#
+######...#..............#
..........########+####'#.
...........†......... .#
.....##....@.)....... ....
#..g##.|##....# ...
......##### ...# ..
.......# .' . ....[..'
..##..### ). ###


You could see a gnoll.

Vanquished Creatures
  Eustachio (D:4)
  Duvessa (D:4)
  An ice beast (D:5)
  2 centaurs (D:5)
  2 phantoms
  A bullfrog (D:4)
  A gnoll sergeant (D:5)
  A scorpion (D:5)
  Dowan (D:4)
  5 jellies
  A hound (D:4)
  An orc priest (D:5)
  A centaur skeleton (D:4)
  An iguana (D:4)
  5 orc wizards
  2 gnolls (D:5)
  8 adders
  2 river rats (Sewer)
  An ufetubus (D:5)
  A worm (Sewer)
  A dart slug (D:3)
  19 orcs
  14 endoplasms
  8 giant cockroaches
  9 hobgoblins
  3 jackals (D:3)
  12 kobolds
  A quokka (D:4)
  8 ball pythons
  5 bats
  10 frilled lizards (Sewer)
  8 goblins
  5 rats
142 creatures vanquished.

Notes
Turn   | Place    | Note
-------+----------+-------------------------------------------
     0 | D:1      | Zeld the Minotaur Berserker began the quest for the Orb.
     0 | D:1      | Reached XP level 1. HP: 19/19 MP: 0/0
   216 | D:1      | Reached XP level 2. HP: 23/27 MP: 1/1
   676 | D:1      | Found a faded altar of an unknown god.
  1369 | D:2      | Reached XP level 3. HP: 27/33 MP: 2/2
  2188 | D:3      | Reached ** piety under Trog
  2261 | D:3      | Reached XP level 4. HP: 24/41 MP: 3/3
  2270 | D:3      | Found Wioceush's Weapon Shop.
  2456 | D:3      | Reached skill level 5 in Fighting
  2667 | D:3      | Reached XP level 5. HP: 42/48 MP: 4/4
  2722 | D:3      | Found a glowing drain.
  2728 | Sewer    | Entered a sewer
  2843 | Sewer    | Reached *** piety under Trog
  2890 | Sewer    | Reached skill level 5 in Axes
  2998 | Sewer    | Reached XP level 6. HP: 26/56 MP: 5/5
  3160 | Sewer    | Found a viscous altar of Jiyva.
  3780 | D:4      | Noticed Dowan
  3780 | D:4      | Noticed Duvessa
  4013 | D:4      | Noticed Eustachio
  4027 | D:4      | Killed Eustachio
  4302 | D:4      | Reached XP level 7. HP: 61/64 MP: 6/6
  4774 | D:4      | Killed Dowan
  5572 | D:4      | Killed Duvessa
  5799 | D:5      | Entered Level 5 of the Dungeon
  5940 | D:5      | Reached skill level 5 in Armour
  5945 | D:5      | Reached XP level 8. HP: 41/73 MP: 7/7
  6447 | D:5      | Reached skill level 5 in Dodging
  6592 | D:5      | Slain by a gnoll

Illustrated notes

Levels and vault maps discovered:
D:1:      minmay_arrival_four_circles, layout_loops_corners,
          basic_ecumenical_altar
D:2:      layout_loops_ring
D:3:      layout_basic, serial_shops, shop_fountains, portal_sewer_entry_e,
          ebering_dispersal_statue_hall, dk_noncrumbling_4
D:4:      layout_basic, uniq_eustachio, uniq_duvessa
D:5:      layout_gridville, minmay_manual_mares

Skill      XL: |  1  2  3  4  5  6  7  8 |
---------------+-------------------------+-----
Fighting       | 4 5 6 7 8 |  8.3
Axes           | 4 5 6 7 8 |  8.2
Armour         | 3 4 5 |  5.6
Dodging        | 3 4 5 |  5.1

Action                   |  1- 3 |  4- 6 |  7- 9 || total
-------------------------+-------+-------+-------++-------
Melee: Hand axe          |    54 |       |       ||    54
       Headbutt          |     8 |    13 |    16 ||    37
       War axe           |    30 |   105 |   111 ||   246
       Punch             |       |     1 |     2 ||     3
Invok: Berserk           |     1 |     2 |     4 ||     7
       Trog's Hand       |       |       |     2 ||     2
 Stab: Sleeping          |     1 |       |       ||     1
Armor: Animal skin       |    17 |    43 |    22 ||    82
Dodge: Dodged            |    60 |    75 |    82 ||   217
